 Dungeon Crawl Stone Soup version 0.22-a0-322-g60b3cfd (webtiles) character file.

1411 Amnesiac the Zephyrmancer (level 8, -5/44 HPs)
             Began as a Tengu Air Elementalist on Apr 1, 2018.
             Was an Initiate of Sif Muna.
             Killed from afar by Dowan (11 damage)
             ... with a stone arrow
             ... on level 7 of the Dungeon on Apr 2, 2018.
             The game lasted 00:12:54 (6180 turns).

Amnesiac the Zephyrmancer (Tengu Air Elementalist)  Turns: 6180, Time: 00:12:55

Health: -5/44      AC:  4    Str: 13    XL:     8   Next: 70%
Magic:  0/15       EV: 13    Int: 19    God:    Sif Muna [......]
Gold:   272        SH:  4    Dex: 12    Spells: 8/15 levels left

rFire    . . .     SeeInvis +   f - +5 mace of Doom {protect, rC+++ Str+4 Dex-3 SInv}
rCold    + + +     Gourm    .   t - +0 buckler
rNeg     . . .     Faith    .   a - +0 robe
rPois    +         Spirit   +   k - +0 hat
rElec    .         Reflect  .   (no cloak)
rCorr    .         Harm     .   w - +1 pair of gloves
MR       .....                  (boots unavailable)
Stlth    ++........             e - amulet of guardian spirit
HPRegen  0.14/turn              p - ring of the Elephant {+Blink +Fly Int+2}
MPRegen  0.14/turn              q - ring of poison resistance

@: very slightly contaminated, drained
A: beak, talons 3, able to fly 1
a: Fly, Renounce Religion, Evoke Blink, Evoke Flight


You were on level 7 of the Dungeon.
You worshipped Sif Muna.
Sif Muna was noncommittal.
You were not hungry.

You visited 2 branches of the dungeon, and saw 8 of its levels.
You also visited: Ossuary.

You collected 272 gold pieces.

Inventory:

Hand Weapons
 f - the +5 mace of Doom (weapon) {protect, rC+++ Str+4 Dex-3 SInv}
   (You took it off an orc on level 6 of the Dungeon)

   It protects the one who uses it against injury (+AC on strike).
   It affects your strength (+4).
   It affects your dexterity (-3).
   It renders you almost immune to cold.
   It lets you see invisible.
Missiles
 l - a throwing net (quivered)
Armour
 a - a +0 robe (worn)
 k - a +0 hat (worn)
 t - a +0 buckler (worn)
 w - a +1 pair of gloves (worn)
Jewellery
 e - an amulet of guardian spirit (around neck)
 p - the ring of the Elephant (left hand) {+Blink +Fly Int+2}
   (You found it on level 4 of the Dungeon)

   [ring of flight]

   It affects your intelligence (+2).
   It lets you fly.
   It lets you blink.
 q - a ring of poison resistance (right hand)
Wands
 m - a wand of scattershot (7)
Scrolls
 g - 6 scrolls of identify {!r}
 n - a scroll of enchant weapon {!r, unknown}
 s - a scroll of enchant armour {!r, unknown}
 y - a scroll of magic mapping {!r, unknown}
Potions
 b - 3 potions of brilliance {!q, unknown}
 d - a potion of ambrosia {!q, unknown}
 h - a potion of mutation {!q}
 i - a potion of flight {!q}
 j - 2 potions of curing {!q}
 o - 2 potions of heal wounds {!q}
 r - 2 potions of haste {!q}
 u - a potion of resistance {!q, unknown}
 v - a potion of agility {!q, unknown}
 x - a potion of magic {!q, unknown}
 z - a potion of cancellation {!q}
 A - a potion of might {!q, unknown}
Comestibles
 c - 2 rations
 B - 5 chunks of flesh


   Skills:
 - Level 2.2(1.8) Fighting
 - Level 4.5(4.0) Dodging
 - Level 2.0(1.5) Stealth
 - Level 4.1(3.6) Shields
 - Level 4.0(3.5) Spellcasting
 + Level 6.3(5.8) Conjurations
 - Level 8.3(7.7) Air Magic


You had 8 spell levels left.
You knew the following spells:

 Your Spells              Type           Power        Failure   Level  Hunger
a - Shock                 Conj/Air       ####         1%          1    None
d - Airstrike             Air            ####......   6%          4    ####...
z - Swiftness             Chrm/Air       ###.....     4%          2    ##.....


Dungeon Overview and Level Annotations

Branches:
Dungeon (7/15)             Temple (1/1) D:6

Altars:
Ashenzari
Cheibriados
Dithmenos
Elyvilon
Fedhas
Gozag
Hepliaklqana
Kikubaaqudgha
Makhleb
Nemelex Xobeh
Okawaru
Qazlal
Ru
Sif Muna
Trog
Uskayaw
Vehumet
Wu Jian
Xom
Yredelemnul
Zin
The Shining One

Annotations:
D:7 Dowan


Innate Abilities, Weirdness & Mutations

You have a beak for a mouth.
You have claws for feet.
You can fly.


Message History

Aim: Duvessa, wielding a short sword and wearing a leather armour (heavily wounded)
You miscast Shock.
You are very lightly contaminated with residual magic.
Nothing appears to happen.
Duvessa hits you with a short sword.
Casting: Shock (safe; 1% risk of failure)
Confirm with . or Enter, or press ? or * to list all spells.
Aiming: Shock (safe; 1% risk of failure)
Press: ? - help, Shift-Dir - straight line, f/p - Duvessa
Aim: Duvessa, wielding a short sword and wearing a leather armour (heavily wounded)
The zap hits Duvessa.
Duvessa is severely wounded.
The zap hits Duvessa.
Duvessa is almost dead.
Duvessa hits you with a short sword!
Casting: Shock (safe; 1% risk of failure)
Confirm with . or Enter, or press ? or * to list all spells.
Aiming: Shock (safe; 1% risk of failure)
Press: ? - help, Shift-Dir - straight line, f/p - Duvessa
Aim: Duvessa, wielding a short sword and wearing a leather armour (almost dead)
The zap hits Duvessa.
You kill Duvessa!
Sif Muna accepts your kill.
Dowan screams, "No!
No!"
Dowan seems to find hidden reserves of power!
Your Conjurations skill increases to level 6!
Dowan says, "How can I live without her?"
You block Dowan's attack.
Casting: Shock (safe; 1% risk of failure)
Confirm with . or Enter, or press ? or * to list all spells.
Aiming: Shock (safe; 1% risk of failure)
Press: ? - help, Shift-Dir - straight line The zap hits Dowan.
Dowan is lightly wounded.
The zap misses Dowan.
Dowan points at you and mumbles some strange words.
The stone arrow hits you!
* * * LOW HITPOINT WARNING * * *
Casting: Shock (safe; 1% risk of failure)
Confirm with . or Enter, or press ? or * to list all spells.
Aiming: Shock (safe; 1% risk of failure)
Press: ? - help, Shift-Dir - straight line The zap hits Dowan.
Dowan appears unharmed.
Dowan is lightly wounded.
The zap hits Dowan.
Dowan is moderately wounded.
Dowan casts a spell at you. The stone arrow hits you!
* * * LOW HITPOINT WARNING * * *
Dowan hits you with a dagger of draining.
You feel drained.
Okay, then.
You miss Dowan.
Dowan is moderately wounded.
You block Dowan's attack.
Dowan breathes, "And she was my only..."
You block Dowan's attack.
You closely miss Dowan. You peck Dowan.
Dowan is moderately wounded.
Dowan hits you with a dagger of draining.
* * * LOW HITPOINT WARNING * * *
You feel drained.
Dowan points at you and mumbles some strange words.
The stone arrow hits you!
You die...

..e# ##...# #.......## #..#
###.# #......... ####..### #)#
#.......## #.......# #.#
###....## #....e..# #.# #....#
#.......# #.# ###..###
#.......#######.### #..##.
#...........e.....#######..##.
#.......#####@.............##.
#.......# #)#.#.########.##.
#####..######.#.#.# #.##.
#.........#.#.# #.##.
##.########.#.# ###.... #.#
#.#.# #...... ##<# ..#.#
#.####. #### #..# ###.# #.
###. ...# #..# #.# # #...


You could see Dowan.

Vanquished Creatures
  Duvessa (D:7)
  An orc warrior (D:6)
  3 ogres
  An elf zombie (Ossuary)
  The ghost of tsouns the Conjurer, an amateur DECj (D:4)
  2 scorpions (D:5)
  A water moccasin skeleton (D:4)
  2 jellies
  A howler monkey (D:6)
  A crimson imp (D:6)
  A centaur zombie (D:5)
  3 orc priests (D:6)
  2 hounds (D:4)
  3 orc wizards
  An iguana (D:5)
  2 worker ants (D:5)
  2 hound zombies (Ossuary)
  3 mummies (Ossuary)
  4 gnolls (D:4)
  2 adders
  A shadow imp (D:7)
  An ooze (D:4)
  4 adder zombies (Ossuary)
  2 dart slugs
  2 leopard geckos
  14 orcs
  3 gnoll zombies (Ossuary)
  2 goblins (D:1)
  A ball python (D:4)
  5 goblin zombies (Ossuary)
  3 hobgoblin zombies (Ossuary)
  6 jackal zombies (Ossuary)
  3 kobold zombies (Ossuary)
  4 orc zombies (Ossuary)
  A quokka skeleton (D:5)
  A quokka zombie (Ossuary)
  3 rat zombies (Ossuary)
93 creatures vanquished.

Notes
Turn   | Place    | Note
-------+----------+-------------------------------------------
     0 | D:1      | Amnesiac the Tengu Air Elementalist began the quest for the Orb.
     0 | D:1      | Reached XP level 1. HP: 10/10 MP: 4/4
   189 | D:3      | Reached XP level 2. HP: 7/15 MP: 0/6
   372 | D:4      | Learned a level 2 spell: Swiftness
   402 | D:4      | Noticed tsouns's ghost (amateur DECj)
   407 | D:4      | Found a sand-covered staircase.
   412 | Ossuary  | Entered an ossuary
   788 | Ossuary  | Reached skill level 5 in Air Magic
   886 | Ossuary  | Reached XP level 3. HP: 19/19 MP: 0/7
  1370 | Ossuary  | Reached XP level 4. HP: 24/24 MP: 0/9
  1376 | Ossuary  | Learned a level 4 spell: Airstrike
  1655 | Ossuary  | Reached skill level 6 in Air Magic
  1655 | Ossuary  | Gained mutation: You can fly. [Tengu growth]
  1655 | Ossuary  | Reached XP level 5. HP: 6/28 MP: 0/10
  1993 | Ossuary  | Reached skill level 7 in Air Magic
  2183 | D:4      | Reached XP level 6. HP: 16/32 MP: 7/12
  2525 | D:4      | Got a coiled ivory ring
  2773 | D:4      | Killed tsouns's ghost
  2773 | D:4      | Reached skill level 8 in Air Magic
  2922 | D:4      | Reached skill level 1 in Shields
  3195 | D:4      | Identified the ring of the Elephant {+Blink +Fly Int+2} (You found it on level 4 of the Dungeon)
  3387 | D:5      | Entered Level 5 of the Dungeon
  3414 | D:5      | Reached XP level 7. HP: 31/36 MP: 10/14
  3602 | D:5      | Found an opulent altar of Gozag.
  3605 | D:5      | Found a snail-covered altar of Cheibriados.
  3606 | D:5      | Found a glowing golden altar of the Shining One.
  3607 | D:5      | Found a sacrificial altar of Ru.
  4090 | D:5      | Upgraded the game from 0.22-a0-307-g2b15929 to 0.22-a0-322-g60b3cfd
  4284 | D:5      | Reached skill level 1 in Fighting
  4334 | D:5      | Reached XP level 8. HP: 29/43 MP: 6/15
  4508 | D:5      | Found a bloodstained altar of Trog.
  4955 | D:6      | Got a shimmering mace {protect}
  4956 | D:6      | Identified the +5 mace of Doom {protect, rC+++ Str+4 Dex-3 SInv} (You took it off an orc on level 6 of the Dungeon)
  5188 | D:6      | Found a staircase to the Ecumenical Temple.
  5286 | Temple   | Entered the Ecumenical Temple
  5509 | Temple   | Became a worshipper of Sif Muna the Loreminder
  6123 | D:7      | Reached skill level 5 in Conjurations
  6154 | D:7      | Noticed Duvessa
  6156 | D:7      | Noticed Dowan
  6176 | D:7      | Killed Duvessa
  6180 | D:7      | Killed from afar by Dowan

Vault maps used:
D:1:      eino_arrival_water_star
D:2:      minmay_tiny_reverse_x
D:3:      first_ration, st_stairs_11, serial_bayou_crossing
D:4:      lightli_ossuary_entry_decrepit_ruins, solitary_fountain
D:5:      minitemple, bloody_trog
D:6:      minmay_temple_entry_enclosed_plants
D:7:      uniq_duvessa
Temple:   dpeg_five_rooms_temple
Ossuary:  minmay_ossuary_two_tombs

Skill      XL: |  1  2  3  4  5  6  7  8 |
---------------+-------------------------+-----
Air Magic      | 5 6 7 8 |  8.3
Spellcasting   | 3 4 |  4.0
Shields        | 1 4 |  4.1
Fighting       | 1 2 |  2.2
Dodging        | 3 4 |  4.5
Conjurations   | 2 6 |  6.3
Stealth        | |  2.0

Action                   |  1- 3 |  4- 6 |  7- 9 || total
-------------------------+-------+-------+-------++-------
Melee: Unarmed           |    15 |     1 |     4 ||    20
       Kick              |     3 |       |     1 ||     4
       Peck              |     1 |       |     2 ||     3
       Mace              |       |       |     2 ||     2
 Cast: Shock             |    80 |   101 |   105 ||   286
       Airstrike         |       |     2 |     7 ||     9
 Abil: Fly               |       |       |     2 ||     2
  Use: Scroll            |       |     5 |     7 ||    12
  Eat: Ration            |     1 |       |     1 ||     2
       Chunk             |       |     5 |     8 ||    13
Armor: Robe              |     5 |     6 |     2 ||    13
Dodge: Dodged            |    18 |    31 |    18 ||    67
Block: Buckler           |       |       |     4 ||     4

Table legend:
 A = Spawn XP
 B = Non-spawn XP
 C = Spawn XP percentage of total XP
 D = Spawn monster count
 E = Non-spawn monster count
 F = Spawn count percentage of total count
 G = Total turns spent on level
                    A         B        C        D         E        F      G
               +---------+---------+-------+---------+---------+-------+---------
         Total |       0 |    2016 |   0.0 |       0 |      93 |   0.0 |  6180
               +---------+---------+-------+---------+---------+-------+---------
           D:1 |       0 |       4 |   0.0 |       0 |       2 |   0.0 |   123
           D:2 |       0 |       4 |   0.0 |       0 |       1 |   0.0 |    59
           D:3 |       0 |      13 |   0.0 |       0 |       1 |   0.0 |   154
           D:4 |       0 |     329 |   0.0 |       0 |      15 |   0.0 |  1474
           D:5 |       0 |     637 |   0.0 |       0 |      20 |   0.0 |  1389
           D:6 |       0 |     451 |   0.0 |       0 |      11 |   0.0 |   870
           D:7 |       0 |     330 |   0.0 |       0 |       5 |   0.0 |   231
       Ossuary |       0 |     248 |   0.0 |       0 |      38 |   0.0 |  1606
               +---------+---------+-------+---------+---------+-------+---------
